← All builds
Front / Armada / Economy first / OBSERVED BUILD

Standard front

Armada Front build order · Supreme Isthmus

Standard economy-first Front play: Bot Lab and Vehicle Plant up immediately, units trickle to the coast and middle, with an Advanced Metal Extractor around 9:00 as the eco transition.

#eco · 1699 distinct matches · 247 players · 74% of Armada Front games · team won 61% of 1993 · Recently observed

HOW TO PLAY IT

Key timing: T2 constructor by 7:43

  1. Open mex and wind, drop Bot Lab and Vehicle Plant almost immediately.
  2. Pump Blitz, Rocketeer and Pawn to the coast to stop leaks first.
  3. Add Centurion and Janus once first units are moving up.
  4. Form units into a line pushing toward middle as numbers grow.
  5. Upgrade to Advanced Metal Extractor as the economy transition kicks in.

Phase by phase

TYPICAL OF ITS 1699 GAMES
  1. 1
  2. 2
  3. 3
PLAY THE OPENING

Follow the example game's first 6:00 step by step: what to build now, what comes next, and where it goes. At 1× it keeps pace with your own game.

  1. 1

    Up to the Bot Lab

    Economy
    • Metal Extractor2Mex
    Order
    1. Bot LabBot Lab after 2 mex, 1 winddone ~0:44, middle half 0:33–0:54

    Some games also: wind (48%) · Vehicle Plant (35%)

    By 0:28 in all: 2 mex

    The example game in this phase · 1 step
    1. Bot LabBot Labdone 0:20 · typical 0:44
  2. 2

    Bot Lab to 5:00

    Economy
    • Metal Extractor4Mex
    • Wind Turbine3Wind
    Builders
    • Construction Bot1 Con bot
    Army
    • Sentry1 Sentry
    • Rocketeer6 Rocketeer

    Some games also: Lazarus (49%) · tick (46%) · centurion (40%) · con vehicle (32%) · janus (32%)

    By 5:00 in all: 6 mex · 6 wind

    The example game in this phase · 41 steps
    1. Construction BotCon bot
    2. LazarusLazarusfor Suicide front
    3. PawnPawn ×3
    4. Mex
    5. Construction BotCon bot ×2
    6. Mex ×2
    7. SentrySentry
    8. Construction BotCon bot
    9. SentrySentry
    10. CenturionCenturion
    11. Mex
    12. SentrySentry
    13. Mex
    14. RocketeerRocketeer
    15. SentrySentry ×2
    16. RocketeerRocketeer
    17. Mex
    18. RocketeerRocketeer
    19. SentrySentry
    20. RocketeerRocketeer
    21. SentrySentry
    22. Wind
    23. RocketeerRocketeer
    24. SentrySentry
    25. LazarusLazarusfor Suicide front
    26. Wind
    27. RocketeerRocketeer
    28. Wind ×2
    29. RocketeerRocketeer
    30. Wind ×2
    31. RocketeerRocketeer
    32. TickTick ×2
    33. RocketeerRocketeer
    34. Wind
    35. RocketeerRocketeer
    36. SentrySentry
    37. RocketeerRocketeer
    38. Wind
    39. LazarusLazarus
    40. CenturionCenturion
    41. Wind
  3. 3

    5:00 to 10:00

    Economy
    • Metal Extractor1Mex
    • Wind Turbine14Wind
    Builders
    • Construction Turret2 Con turret
    Army
    • Sentry1 Sentry

    Some games also: rocketeer (46%) · energy storage (43%) · Lazarus (38%) · con bot (37%) · Radar Tower (36%)

    By 10:00 in all: 7 mex · 24 wind · 1 energy storage · 3 con turret

    The example game in this phase · 137 steps
    1. RocketeerRocketeer ×3
    2. LazarusLazarus
    3. TickTick ×5
    4. LazarusLazarus
    5. TickTick ×4
    6. Mex
    7. TickTick ×2
    8. PawnPawn
    9. ThugThug
    10. PawnPawn ×2
    11. SentrySentry
    12. PawnPawn
    13. SentrySentry
    14. PawnPawn
    15. TickTick
    16. LazarusLazarus
    17. Mex
    18. LazarusLazarus
    19. SentrySentry
    20. RocketeerRocketeer
    21. Mex
    22. RocketeerRocketeer
    23. PawnPawn ×6
    24. LazarusLazarus
    25. Mex
    26. Con turret
    27. PawnPawn ×2
    28. Mex
    29. BeamerBeamer
    30. SharpshooterSniper botfor Ponddone 8:41
    31. PawnPawn
    32. RocketeerRocketeer ×2
    33. Mex
    34. RocketeerRocketeer
    35. Wind
    36. RocketeerRocketeer
    37. Wind
    38. RocketeerRocketeer
    39. Wind
    40. RocketeerRocketeer
    41. Mex
    42. Wind
    43. RocketeerRocketeer
    44. Wind
    45. RocketeerRocketeer
    46. Wind
    47. RocketeerRocketeer
    48. Dragon's TeethDragon's Teeth
    49. Construction BotCon botfor Geo
    50. Dragon's TeethDragon's Teeth
    51. Wind
    52. Dragon's TeethDragon's Teeth
    53. Construction BotCon botfor Geo
    54. Dragon's TeethDragon's Teeth ×2
    55. Wind
    56. Dragon's TeethDragon's Teeth
    57. Construction BotCon bot
    58. Dragon's TeethDragon's Teeth
    59. Advanced Metal ExtractorT2 mexdone 11:30 · typical 9:01
    60. Wind
    61. SentrySentry
    62. Construction BotCon bot
    63. Wind
    64. Construction BotCon bot
    65. Wind
    66. PawnPawn
    67. SentrySentry
    68. Advanced Metal ExtractorT2 mex
    69. Wind
    70. PawnPawn ×2
    71. Wind
    72. PawnPawn
    73. Con turret
    74. Advanced Metal ExtractorT2 mex
    75. BeamerBeamer
    76. PawnPawn ×2
    77. BeamerBeamer
    78. PawnPawn ×3
    79. BeamerBeamer
    80. LazarusLazarus ×3
    81. BlitzBlitz ×2
    82. PawnPawn ×2
    83. LazarusLazarus ×2
    84. PawnPawn
    85. BlitzBlitz
    86. LazarusLazarus
    87. PawnPawn
    88. Con turret
    89. BlitzBlitz
    90. Advanced Metal ExtractorT2 mex
    91. PawnPawn
    92. BlitzBlitz
    93. PawnPawn
    94. Wind
    95. PawnPawn
    96. BlitzBlitz
    97. PawnPawn
    98. Wind
    99. PawnPawn
    100. BlitzBlitz ×2
    101. LazarusLazarus
    102. Wind
    103. BlitzBlitz ×2
    104. PawnPawn
    105. BlitzBlitz ×2
    106. Wind
    107. LazarusLazarus
    108. PawnPawn ×2
    109. Wind
    110. BlitzBlitz
    111. PawnPawn
    112. BlitzBlitz
    113. Advanced Metal ExtractorT2 mex
    114. PawnPawn
    115. Wind
    116. BlitzBlitz
    117. PawnPawn
    118. Wind
    119. PawnPawn ×2
    120. Wind
    121. BlitzBlitz ×2
    122. PawnPawn
    123. Wind
    124. PawnPawn ×2
    125. JanusJanus
    126. Con turret
    127. GruntGrunt
    128. PawnPawn
    129. Wind
    130. PawnPawn
    131. Wind
    132. PawnPawn
    133. Wind
    134. PawnPawn
    135. Advanced Metal ExtractorT2 mex
    136. Wind
    137. PawnPawn

Counts are medians over the build's games: half of them build more, half fewer. The example game is Erilium's (46 OS, 13/10/2026); pick another.

Team trades

IN AT LEAST 30% OF ITS GAMES

You hand over

Nothing regular.

You get

  • Tidal Generator4 Tidal from Pondfirst at 0:17 · in 68% of games
  • Advanced Construction Bot1 T2 con bot from Geo or Techfirst at 7:23 · in 64% of games

How it plays out

Typical game of this build, running totals by minute

Metal produced

010k20k30k
0:005:0010:0015:00

metal

Enemy metal destroyed

05k10k
0:005:0010:0015:00

metal

Own metal lost

05k10k
0:005:0010:0015:00

metal

1993 games.

Show as table
ByMetal produced: This buildEnemy metal destroyed: This buildOwn metal lost: This build
1:0033300
2:008402131
3:001618135108
4:002699522333
5:0038471127787
6:00503519231427
7:00624927142302
8:00753435443173
9:00897343264069
10:001053850054807
11:001237355335547
12:001452759766408
13:001685764686999
14:001922071637826
15:002185478688687
WHAT THE NUMBERS SAY

Standard Front play wins more often than Suicide front and produces more metal by 15:00 while losing less of it.

  • + Metal produced reaches 22627 by 15:00, well above Suicide front's 20142.
  • + Own metal lost is 8944 by 15:00, lower than enemy metal destroyed ratio of Suicide front.
  • − First unit lost already at 1:43, showing exposure despite the safer position.
  • − Blitz dominates army share at 25%, leaving fewer Centurion for anti-swarm.
THE EXAMPLE YOU ARE READING

Erilium

46.4 OS · 13/10/2026

Open source match ↗

6 received units · includes a constructor
1364 metal received · 26549 energy received

Allied construction assistance is unknown. Timings are observations, not a promise of solo reproducibility.

Typical milestones

Bot Lab0:44Middle 50%: 0:33–0:54 · n=1331
Vehicle Plant0:47Middle 50%: 0:41–1:14 · n=1285
Advanced Metal Extractor9:01Middle 50%: 8:09–10:15 · n=1563

Played most by

haaven107games of this buildHummell107games of this buildLeohvm93games of this buildTheGeneraI75games of this buildXad69games of this build